 Dungeon Crawl Stone Soup version 0.19.4-8-ga85b6b9 (webtiles) character file.

3334 Jynx the Basher (level 9, -9/85 HPs)
             Began as a Minotaur Fighter on Feb 14, 2017.
             Was a Believer of Okawaru.
             Mangled by a brown ugly thing (17 damage)
             ... on level 8 of the Dungeon.
             The game lasted 00:10:45 (7031 turns).

Jynx the Basher (Minotaur Fighter)                  Turns: 7031, Time: 00:10:45

Health: -9/85      AC: -4    Str: 25      XL:     9   Next: 72%
Magic:  6/8        EV: 12    Int:  3      God:    Okawaru [**....]
Gold:   200        SH:  0    Dex:  9 (11) Spells: 0 memorised, 8 levels left

rFire  . . .     SeeInvis +     a - +1 flail
rCold  . . .     Gourm    .     B - +1 scale mail of Doitull {rPois Int-2 SInv}
rNeg   . . .     Faith    .     (no shield)
rPois  +         Spirit   .     (helmet restricted)
rElec  .         Reflect  .     (no cloak)
rCorr  .         Harm     .     (no gloves)
MR     .....                    m - +1 pair of boots
Stlth  ++........               b - amulet of regeneration
                                s - ring of stealth
                                x - +2 ring of strength

@: heroism, corroded
A: retaliatory headbutt, horns 2
a: Heroism, Renounce Religion


You were on level 8 of the Dungeon.
You worshipped Okawaru.
Okawaru was pleased with you.
You were not hungry.

You visited 2 branches of the dungeon, and saw 9 of its levels.

You collected 402 gold pieces.
You spent 202 gold pieces at shops.

Inventory:

Hand Weapons
 a - a +1 flail (weapon)
Armour
 c - a +0 shield
 m - a +1 pair of boots (worn)
 B - the +1 scale mail of Doitull (worn) {rPois Int-2 SInv}
   (You bought it in a shop on level 5 of the Dungeon)

   It affects your intelligence (-2).
   It protects you from poison.
   It lets you see invisible.
 H - a +0 chain mail of fire resistance
Jewellery
 b - an amulet of regeneration (around neck)
 g - an uncursed ring of stealth
 n - an uncursed ring of fire
 p - an uncursed ring of flight
 s - a ring of stealth (right hand)
 x - a +2 ring of strength (left hand)
 y - an uncursed amulet of harm
Wands
 G - a wand of flame (28/48)
 K - a wand of random effects (27/48)
Scrolls
 j - 3 scrolls of blinking
 q - a scroll of remove curse
 u - a scroll of fear
 A - 2 scrolls of recharging
 C - 2 scrolls of fog
 D - a scroll of magic mapping
Potions
 d - a potion of might
 e - 2 potions of brilliance
 h - a potion of berserk rage {unknown}
 i - a potion of heal wounds
 k - 2 potions of haste
 l - a potion of ambrosia
 o - 2 potions of curing
 r - a potion of cure mutation
 t - a potion of flight
 v - a potion of beneficial mutation {unknown}
 w - a potion of magic {unknown}
 z - a potion of lignification {unknown}
 E - a potion of agility {unknown}
Comestibles
 f - 5 bread rations
 F - a chunk of flesh
 I - a beef jerky


   Skills:
 + Level 10.0(15.0) Fighting
 * Level 13.2(18.2) Maces & Flails
 - Level 3.6(8.6) Armour
 - Level 3.6(8.6) Shields


You had 8 spell levels left.
You didn't know any spells.

Dungeon Overview and Level Annotations

Branches:
Dungeon (8/15)             Temple (1/1) D:5
   Lair: D:8-11

Altars:
Ashenzari
Dithmenos
Elyvilon
Fedhas
Makhleb
Okawaru
Qazlal
Ru
Vehumet
Zin
The Shining One

Shops:
D:4 (   D:5 [%[


Innate Abilities, Weirdness & Mutations

You reflexively headbutt those who attack you in melee.
You have a pair of horns on your head.


Message History

You headbutt the brown ugly thing, but do no damage.
The brown ugly thing is heavily wounded.
The brown ugly thing headbutts you! The acid corrodes you!
You are splashed with acid!
The acid burns!
* * * LOW HITPOINT WARNING * * *
You are too injured to fight recklessly!
You gain the combat prowess of a mighty hero.
The brown ugly thing headbutts you!
* * * LOW HITPOINT WARNING * * *
The acid corrodes you!
You are splashed with acid!
The acid burns!
* * * LOW HITPOINT WARNING * * *
You completely miss the brown ugly thing.
The brown ugly thing is heavily wounded.
The brown ugly thing misses you. You furiously retaliate!
You headbutt the brown ugly thing, but do no damage.
You barely miss the brown ugly thing.
You punch the brown ugly thing, but do no damage.
The brown ugly thing is heavily wounded.
The brown ugly thing headbutts you!
You die...

#.##.#.#.####...#..
).##..........#....
#############....##
### ###...# ##.##
#.....# ##...##
#.##.## #.###.....##
#.##.# #..........#
#.##.# #u@...# #.##.#
##...## ##.##.# ##.##
##...#.#
#######.######.###..#
#..............# #..#
#.#####.######.###.##
#...........##
#############


You could see a brown ugly thing.

Vanquished Creatures
  Joseph (D:7)
  A two-headed ogre (D:8)
  A hippogriff (D:7)
  Sigmund (D:6)
  Duvessa (D:7)
  2 sky beasts (D:5)
  3 ogres
  A black bear (D:6)
  2 phantoms
  The ghost of tschems the Covered, an amateur HuFi (D:3)
  2 centaurs (D:6)
  A bullfrog (D:6)
  A gnoll sergeant (D:7)
  Dowan (D:7)
  2 scorpions
  5 killer bees (D:7)
  A crimson imp (D:7)
  A centaur zombie (D:7)
  A quasit (D:8)
  A bullfrog zombie (D:7)
  3 hounds
  A centaur skeleton (D:5)
  2 orc priests (D:5)
  3 jellies
  2 orc wizards (D:5)
  An iguana (D:6)
  7 worker ants
  A hound zombie (D:6)
  7 gnolls
  8 adders
  A shadow imp (D:5)
  2 oozes
  An adder skeleton (D:5)
  2 worms
  2 dart slugs
  8 leopard geckos
  15 orcs
  A ball python (D:4)
  7 bats
  4 giant cockroaches
  5 hobgoblins
  2 quokkas
  6 frilled lizards
  6 goblins
  2 jackal skeletons
  5 kobolds
  A leopard gecko skeleton (D:4)
  7 rats
142 creatures vanquished.

Vanquished Creatures (others)
  4 fungi (D:7)
4 creatures vanquished.

Grand Total: 146 creatures vanquished

Notes
Turn   | Place    | Note
-------+----------+-------------------------------------------
     0 | D:1      | Jynx the Minotaur Fighter began the quest for the Orb.
     0 | D:1      | Reached XP level 1. HP: 19/19 MP: 0/0
   154 | D:1      | Reached skill level 3 in Maces & Flails
   154 | D:1      | Reached XP level 2. HP: 18/27 MP: 1/1
   704 | D:2      | Reached XP level 3. HP: 16/33 MP: 2/2
   921 | D:2      | Reached skill level 4 in Maces & Flails
  1032 | D:2      | Reached XP level 4. HP: 24/41 MP: 3/3
  1751 | D:3      | Noticed tschems's ghost (amateur HuFi)
  1766 | D:3      | Killed tschems's ghost
  1766 | D:3      | Reached skill level 5 in Fighting
  1766 | D:3      | Reached skill level 5 in Maces & Flails
  1766 | D:3      | Reached XP level 5. HP: 13/48 MP: 4/4
  1870 | D:3      | Reached skill level 6 in Maces & Flails
  2450 | D:3      | Found a glowing golden altar of the Shining One.
  2663 | D:4      | Found a shattered altar of Ashenzari.
  2895 | D:4      | Noticed an ogre
  2899 | D:4      | Killed an ogre
  2899 | D:4      | Reached XP level 6. HP: 57/57 MP: 5/5
  3021 | D:4      | Reached skill level 7 in Maces & Flails
  3030 | D:4      | Found Hyujeug's Antique Weapon Boutique.
  3341 | D:5      | Entered Level 5 of the Dungeon
  3376 | D:5      | Noticed a sky beast
  3379 | D:5      | Reached XP level 7. HP: 16/63 MP: 6/6
  3386 | D:5      | Reached skill level 8 in Maces & Flails
  3790 | D:5      | Reached skill level 9 in Maces & Flails
  3862 | D:5      | Found Joijiylu's Armour Shop.
  3887 | D:5      | Found a staircase to the Ecumenical Temple.
  3897 | Temple   | Entered the Ecumenical Temple
  3989 | Temple   | Became a worshipper of Warmaster Okawaru
  4064 | D:5      | Found Mafasteba's Armour Shoppe.
  4133 | D:5      | Found Owkauvun's Food Shop.
  4202 | D:5      | Bought the +1 scale mail of Doitull {rPois Int-2 SInv} for 202 gold pieces
  4251 | D:5      | Found a burning altar of Makhleb.
  4449 | D:5      | You fall through a shaft for 3 floors!
  4493 | D:7      | Found a stormy altar of Qazlal.
  4502 | D:7      | Reached XP level 8. HP: 73/73 MP: 7/7
  4627 | D:7      | Noticed Joseph
  4641 | D:7      | Killed Joseph
  4641 | D:7      | Reached skill level 10 in Maces & Flails
  4680 | D:7      | Noticed a hippogriff
  4691 | D:7      | Killed a hippogriff
  4695 | D:7      | Found a blossoming altar of Fedhas.
  4696 | D:7      | Noticed Duvessa
  4802 | D:7      | Noticed Dowan
  4818 | D:7      | Reached skill level 11 in Maces & Flails
  4827 | D:7      | Killed Dowan
  4841 | D:7      | Reached * piety under Okawaru
  5149 | D:6      | Reached XP level 9. HP: 80/82 MP: 8/8
  5637 | D:6      | Reached skill level 12 in Maces & Flails
  5719 | D:6      | Noticed Sigmund
  5726 | D:6      | Killed Sigmund
  6394 | D:7      | Killed Duvessa
  6872 | D:8      | Reached ** piety under Okawaru
  6872 | D:8      | Reached skill level 13 in Maces & Flails
  6886 | D:8      | Reached skill level 10 in Fighting
  7018 | D:8      | Noticed a brown ugly thing
  7031 | D:8      | Mangled by a brown ugly thing

Skill      XL: |  1  2  3  4  5  6  7  8  9 |
---------------+----------------------------+-----
Fighting       | 4 5 6 7 8 10 | 10.0
Maces & Flails | 3 4 5 6 7 9 11 13 | 13.2
Armour         | |  3.6
Shields        | |  3.6

Action                   |  1- 3 |  4- 6 |  7- 9 || total
-------------------------+-------+-------+-------++-------
Melee: Flail             |    67 |   150 |   251 ||   468
       Headbutt          |     8 |    23 |    49 ||    80
       Punch             |       |       |     2 ||     2
Invok: Heroism           |       |       |     2 ||     2
  Use: Scroll            |     5 |     9 |     7 ||    21
       Potion            |       |     1 |     1 ||     2
  Eat: Chunk             |       |     7 |    10 ||    17
       Pizza             |       |       |     1 ||     1
       Beef jerky        |       |       |     1 ||     1
Armor: Scale mail        |    38 |    60 |    98 ||   196
Dodge: Dodged            |    21 |    49 |    58 ||   128
Block: Shield            |    40 |    78 |   103 ||   221
